AoeStats
← PetersCZ

Baltic

510850710Analyzed
4v4 RM · 12h ago on Oct 2, 2026· 27m 30s· 8 players
Game mode
Random Map
Map size
Large (8 player)
Population
200
Speed
Normal
Resources
Standard
Victory
Conquest
Starting age
Dark Age
Ending age
Imperial Age
RankedLock teamsTeams togetherTeam positionsShared explorationLock speedFull tech treeHidden civsTurbo modeCheats
Victory
Defeat
🇫🇷 Berbers · France
1447
+15
🇫🇮 Italians · Finland
1425
+16
🇫🇮 Jurchens · Finland
1413
+16
🇫🇮 Vikings · Finland
1407
+16
🇬🇧 Persians · United Kingdom
1445
-17
🇬🇧 Vikings · United Kingdom
1442
-17
🇲🇽 Portuguese · Mexico
1388
-15
🇨🇿 Dravidians · Czechia
1387
-14
thaebS
11:13 Feudal Age
15:17 Castle Age
16:13 Medium Warships
16:12 Double-Bit Axe
17:09 Bow Saw
17:33 Fishing Lines
22:04 Wheelbarrow
21:15 Loom
21:16 Town Watch
21:53 Horse Collar
26:38 Gold Mining
Tchitchi d'Afflelou
6:27 Loom
9:25 Feudal Age
10:14 Double-Bit Axe
15:42 Fletching
15:53 Padded Archer Armor
24:16 Wheelbarrow
29:34 Castle Age
Yasuo, the Unforgiven
10:40 Feudal Age
11:27 Double-Bit Axe
11:46 Loom
17:27 Castle Age
16:26 Bloodlines
16:48 Horse Collar
18:38 Scale Barding Armor
24:58 Forging
26:55 Chain Barding Armor
cro55b0w
5:00 Loom
10:50 Feudal Age
11:40 Gold Mining
17:00 Double-Bit Axe
20:47 Castle Age
19:07 Scale Mail Armor
18:51 Horse Collar
21:38 Squires
Mike_raft
6:56 Loom
10:20 Feudal Age
13:18 Horse Collar
14:53 Fletching
19:31 Castle Age
18:28 Fishing Lines
23:19 Scale Barding Armor
23:16 Scale Mail Armor
PetersCZ
12:20 Feudal Age
17:12 Castle Age
15:55 Double-Bit Axe
18:17 Medium Warships
23:31 Gold Mining
Oliver
3:23 Loom
9:18 Feudal Age
10:52 Double-Bit Axe
13:56 Horse Collar
18:08 Wheelbarrow
25:13 Castle Age
24:55 Forging
24:50 Scale Barding Armor
25:38 Bloodlines
26:25 Chain Barding Armor
26:41 Iron Casting
26:19 Husbandry
HK El Primo
9:11 Loom
11:36 Feudal Age
17:23 Fletching
Connection lost

Rejoining the realm…

Still unreachable

The connection could not be restored.

Session expired

The server has moved on; the page needs a fresh start.